AoeStats
← thinker

Arabia

505174556Analyzed
4v4 RM · 24d ago on Sep 8, 2026· 23m 11s· 8 players
Game mode
Random Map
Map size
Large (8 player)
Population
200
Speed
Normal
Resources
Standard
Victory
Conquest
Starting age
Dark Age
Ending age
Imperial Age
RankedLock teamsTeams togetherTeam positionsShared explorationLock speedFull tech treeHidden civsTurbo modeCheats
Victory
Defeat
🇲🇽 Bulgarians · Mexico
1010
+16
🇲🇽 Jurchens · Mexico
998
+16
🇲🇽 Slavs · Mexico
992
+16
🇺🇸 Huns · United States
960
+18
🇺🇸 Cumans · United States
1054
-19
🇨🇳 Mongols · China
1031
-18
🇨🇳 Franks · China
994
-16
🇨🇳 Khmer · China
927
-13
mgaitaniella
11:36 Feudal Age
9:52 Loom
18:41 Castle Age
18:17 Horse Collar
18:23 Double-Bit Axe
19:45 Gold Mining
Parpastoplo
0:28 Loom
12:17 Feudal Age
12:17 Feudal Age
17:04 Castle Age
15:25 Double-Bit Axe
16:13 Horse Collar
18:24 Bow Saw
20:43 Scale Barding Armor
22:46 Chain Barding Armor
PacoelJusto
8:14 Loom
10:19 Feudal Age
17:24 Castle Age
16:14 Double-Bit Axe
19:00 Squires
19:21 Forging
18:58 Man-at-Arms
23:02 Scale Mail Armor
23:26 Horse Collar
NWGHOST7888
10:36 Feudal Age
9:44 Loom
12:41 Forging
12:53 Bloodlines
17:10 Scale Barding Armor
19:51 Wheelbarrow
22:17 Double-Bit Axe
Akoros
3:10 Loom
10:40 Feudal Age
10:48 Feudal Age
11:45 Horse Collar
13:18 Double-Bit Axe
thinker
0:38 Loom
11:29 Feudal Age
16:14 Castle Age
15:12 Double-Bit Axe
15:16 Horse Collar
19:22 Bow Saw
19:55 Stone Mining
20:40 Heavy Plow
21:52 Stone Shaft Mining
22:43 Gold Mining
喧哗的都已沙哑
1:56 Loom
12:37 Feudal Age
17:32 Castle Age
20:14 Wheelbarrow
19:30 Double-Bit Axe
女生言午
5:50 Loom
10:06 Feudal Age
15:30 Forging
Connection lost

Rejoining the realm…

Still unreachable

The connection could not be restored.

Session expired

The server has moved on; the page needs a fresh start.